 Dungeon Crawl Stone Soup version 0.31-a0-232-gb1c03b2570 (webtiles) character file.

Game seed: 14757460074354983142

497 qw the Shooter (level 6, -5/53 HPs)
             Began as a Minotaur Hexslinger on July 7, 2023.
             Slain by an iguana (7 damage)
             ... on level 4 of the Dungeon.
             The game lasted 00:01:00 (2370 turns).

qw the Shooter (Minotaur Hexslinger)                Turns: 2370, Time: 00:01:00

Health: -5/53      AC:  4    Str: 12    XL:     6   Next: 93%
Magic:  6/6        EV: 17    Int: 10    God:
Gold:   289        SH:  0    Dex: 15    Spells: 6/7 levels left

rFire   . . .        Y - +1 sling (drain)
rCold   + . .        (no shield)
rNeg    . . .        l - +1 leather armour {rC+}
rPois   .            (helmet restricted)
rElec   .            (no cloak)
rCorr   .            (no gloves)
SInv    .            (no boots)
Will    .....        (no amulet)
Stlth   +            h - +5 ring of evasion
HPRegen 0.28/turn    (no ring)
MPRegen 0.10/turn

%: no passive effects
@: no status effects
A: horns 2, retaliatory headbutt
a: no special abilities


You were on level 4 of the Dungeon.
You visited 1 branch of the dungeon, and saw 4 of its levels.

You collected 289 gold pieces.


Innate Abilities, Weirdness & Mutations

You have a pair of horns on your head.
You reflexively headbutt those who attack you in melee.


   Skills:
 - Level 4.4 Fighting
 + Level 7.2 Ranged Weapons
 - Level 2.1 Dodging
 - Level 1.0 Spellcasting
 - Level 2.0 Hexes


You had 6 spell levels left.
You knew the following spells:

 Your Spells              Type           Power      Damage    Failure   Level
a - Slow                  Hex            16%        N/A       19%         1

Your spell library contained the following spells:

 Spells                   Type           Power      Damage    Failure   Level
 Inner Flame              Hex/Fire       2%         N/A       65%         3
 Portal Projectile        Hex/Tloc       4%         N/A       65%         3
 Cause Fear               Hex            2%         N/A       88%         4

Inventory:

Hand Weapons
 Y - a +1 sling of draining (weapon)
Armour
 d - a +3 leather armour
 l - a +1 leather armour of cold resistance (worn)
Jewellery
 g - a ring of fire
 h - a +5 ring of evasion (left hand)
Scrolls
 f - a scroll of identify
 n - a scroll of amnesia {unknown}
Potions
 a - a potion of brilliance {unknown}
 b - 2 potions of curing
 e - a potion of attraction {unknown}
 i - a potion of lignification {unknown}
 j - a potion of haste {unknown}
 k - a potion of cancellation {unknown}
 m - a potion of might

Dungeon Overview and Level Annotations

Branches:
Dungeon (4/15)
 Temple: D:4-7

Altars:
Ashenzari

Annotations:
D:4 Edmund


Message History

You drain the orc priest.
The orc priest is almost dead.
The orc priest hits you but does no damage.
Edmund zaps a wand.
The puff of flame hits you.
You shoot a sling bullet.
The sling bullet closely misses the orc priest.
The orc priest closely misses you. You furiously retaliate!
You headbutt the orc priest!
You kill the orc priest!
The iguana bites you! Edmund misses you.
You shoot a sling bullet. The sling bullet closely misses Edmund.
Edmund hits you with a +0 dire flail of protection!
The iguana completely misses you. The iguana bites you.
Edmund barely misses you.
2365 ||| DRINKING potion of heal wounds.
You feel much better. The iguana closely misses you. Edmund misses you.
You furiously retaliate!
You headbutt Edmund. You shoot a sling bullet. The sling bullet hits Edmund.
You drain Edmund.
Edmund is moderately wounded.
The iguana completely misses you. Edmund closely misses you.
You furiously retaliate!
You headbutt Edmund. You shoot a sling bullet. The sling bullet hits Edmund!
You drain Edmund.
Edmund is severely wounded.
The iguana bites you!
Edmund zaps a wand.
The puff of flame hits you!
You shoot a sling bullet.
The sling bullet hits Edmund but does no damage.
Edmund is severely wounded.
The iguana barely misses you. You furiously retaliate!
You headbutt the iguana, but do no damage.
Edmund zaps a wand.
The puff of flame misses you.
The now-empty wand crumbles to dust.
You shoot a sling bullet. The sling bullet hits Edmund.
Edmund is severely wounded.
The iguana misses you.
Edmund hits you with a +0 dire flail of protection!
You shoot a sling bullet. The sling bullet hits Edmund.
You drain Edmund.
Edmund is almost dead.
The iguana bites you!
You die...

.........#.........).##
#.....
........#.>.#.......#
#.....
....#...............#
#......
....#...............#
#....##
.....#.............##
#....## #.
..#.............#
#...... ..
#.............# #......
#...............
#......
........####@........
#......
...........@l)......
#......
........###..?......
#...... ........#
#..........####.#.#
.###....#
#...............#.#
.....#
#...........##....)
......#
#...............##.
#............(..##.
........<#.


You could see Edmund (very drained) and an iguana.

Vanquished Creatures
  A black bear (D:2)
  2 scorpions (D:4)
  A hound (D:4)
  An orc priest (D:4)
  Jessica (D:2)
  Terence (D:3)
  An orc wizard (D:4)
  An iguana (D:4)
  Robin (D:2)
  3 adders
  An ufetubus (D:4)
  A worm (D:3)
  2 dart slugs
  10 orcs
  6 endoplasms
  7 goblins
  11 hobgoblins
  4 kobolds
  4 quokkas
  4 ball pythons
  6 bats
  2 frilled lizards (D:1)
  9 rats
80 creatures vanquished.

Notes
Turn   | Place    | Note
-------+----------+-------------------------------------------
     0 | D:1      | qw the Minotaur Hexslinger began the quest for the Orb.
     0 | D:1      | Reached XP level 1. HP: 16/16 MP: 1/1
     0 | D:1      | 0 ||| qw: Version: 0.3-a-46-gb1f654a
     0 | D:1      | 0 ||| qw: Game counter: 2783
     0 | D:1      | 0 ||| qw: Melee chars always use a shield: true
     0 | D:1      | 0 ||| qw: God list: Okawaru
     0 | D:1      | 0 ||| qw: Allow faded altars: false
     0 | D:1      | 0 ||| qw: Do Orc after clearing Dungeon:15 true
     0 | D:1      | 0 ||| qw: Do second Lair branch before Depths: true
     0 | D:1      | 0 ||| qw: Lair rune preference: random
     0 | D:1      | 0 ||| qw: Goals: Normal
     0 | D:1      | 0 ||| PLANNING D:1-11
   137 | D:1      | Reached skill level 3 in Ranged Weapons
   155 | D:1      | Reached XP level 2. HP: 23/23 MP: 2/2
   631 | D:1      | 631 ||| UPGRADING to +5 ring of evasion.
   632 | D:1      | 632 ||| READING scroll labelled IWAARALY JEXO.
   633 | D:1      | 633 ||| READING scroll labelled DECZIC GUPOQIP.
   634 | D:1      | 634 ||| READING scroll labelled OWACRICWUD.
   639 | D:1      | 639 ||| READING scroll labelled MURAHI MUICU.
   640 | D:1      | 640 ||| DROPPING scroll of poison.
   664 | D:2      | Reached XP level 3. HP: 29/29 MP: 3/3
   673 | D:2      | Noticed Robin
   679 | D:2      | 679 ||| FLEEEEING.
   680 | D:2      | 680 ||| FLEEEEING.
   681 | D:2      | 681 ||| FLEEEEING.
   682 | D:2      | 682 ||| FLEEEEING.
   683 | D:2      | 683 ||| FLEEEEING.
   684 | D:2      | 684 ||| STAIRDANCE
   703 | D:2      | 703 ||| STAIRDANCE
   726 | D:2      | 726 ||| STAIRDANCE
   767 | D:2      | 767 ||| STAIRDANCE
   787 | D:2      | 787 ||| STAIRDANCE
   823 | D:2      | 823 ||| STAIRDANCE
   829 | D:1      | Reached skill level 4 in Ranged Weapons
   859 | D:2      | Killed Robin
  1370 | D:2      | 1370 ||| UPGRADING to +3 leather armour.
  1380 | D:2      | 1380 ||| DROPPING +0 robe.
  1381 | D:2      | 1381 ||| UPGRADING to +1 leather armour of cold resistance.
  1391 | D:2      | 1391 ||| READING scroll labelled KOMOCYS JAIW.
  1402 | D:3      | Noticed Jessica
  1402 | D:3      | Noticed a black bear
  1406 | D:3      | Reached XP level 4. HP: 36/36 MP: 4/4
  1407 | D:3      | 1407 ||| STAIRDANCE
  1413 | D:2      | HP: 7/36 [black bear (3)]
  1414 | D:2      | Killed a black bear
  1415 | D:2      | Reached skill level 5 in Ranged Weapons
  1415 | D:2      | Reached XP level 5. HP: 8/41 MP: 5/5
  1545 | D:3      | 1545 ||| STAIRDANCE
  1547 | D:2      | Killed Jessica
  1549 | D:2      | Reached skill level 3 in Fighting
  1661 | D:3      | 1661 ||| STAIRDANCE
  1744 | D:3      | Reached skill level 6 in Ranged Weapons
  1917 | D:3      | Noticed Terence
  1920 | D:3      | Killed Terence
  2108 | D:3      | Found a broken altar of Ashenzari.
  2140 | D:3      | 2140 ||| DRINKING 2 glowing silvery potions.
  2141 | D:3      | 2141 ||| DRINKING 2 bubbling coppery potions.
  2182 | D:4      | Reached XP level 6. HP: 49/53 MP: 6/6
  2354 | D:4      | Noticed Edmund
  2357 | D:4      | Reached skill level 7 in Ranged Weapons
  2364 | D:4      | HP: 11/53 [iguana (5)]
  2365 | D:4      | 2365 ||| DRINKING potion of heal wounds.
  2369 | D:4      | HP: 2/53 [Edmund/+0 dire flail of protection (8)]
  2370 | D:4      | Slain by an iguana

Levels and vault maps discovered:
D:1:      dpeg_arrival_simpleton_b, layout_basic, chequers_arboretum
D:2:      layout_basic, minivault_24, uniq_robin
D:3:      layout_basic, lemuel_coloured_pillars_altar, uniq_terence,
          uniq_jessica
D:4:      layout_basic, minmay_gold_behind_fungi, uniq_sigmund, uniq_edmund

Skill      XL: |  1  2  3  4  5  6 |
---------------+-------------------+-----
Ranged Weapons | 3 4 5 6 7 |  7.2
Fighting       | 2 4 |  4.4
Dodging        | |  2.1
Spellcasting   | |  1.0
Hexes          | |  2.0

Action                     |  1- 3 |  4- 6 || total
---------------------------+-------+-------++-------
   Fire: Sling             |   107 |   104 ||   211
    Use: Scroll            |     5 |       ||     5
         Potion            |       |     3 ||     3
 Armour: Robe              |     8 |       ||     8
         Leather armour    |       |    11 ||    11
  Dodge: Dodged            |    50 |    68 ||   118

Table legend:
 A = Non-vault XP
 B = Vault XP
 C = Vault XP percentage of total XP
 D = Non-vault monster count
 E = Vault monster count
 F = Vault count percentage of total count
                 A         B        C        D         E       F
            +---------+---------+-------+---------+---------+-------
      Total |     601 |     110 |  15.5 |      65 |      15 |  18.8
            +---------+---------+-------+---------+---------+-------
        D:1 |      35 |       9 |  20.5 |      22 |       5 |  18.5
        D:2 |     152 |      65 |  30.0 |      15 |       9 |  37.5
        D:3 |      61 |      36 |  37.1 |      15 |       1 |   6.2
        D:4 |     353 |       0 |   0.0 |      13 |       0 |   0.0
            +---------+---------+-------+---------+---------+-------
